 Dungeon Crawl Stone Soup version 0.29.0-4-gdea44cf6ec (webtiles) character file.

Game seed: 8654869523552541521

42 qw the Chopper (level 3, -1/21 HPs)
             Began as a Tengu Warper on Aug 28, 2022.
             Slain by Sigmund
             ... wielding a +0 scythe
              (9 damage)
             ... on level 3 of the Dungeon.
             The game lasted 00:00:09 (1904 turns).

qw the Chopper (Tengu Warper)                       Turns: 1904, Time: 00:00:10

Health: -1/21      AC:  6    Str: 13    XL:     3   Next: 56%
Magic:  7/7        EV: 11    Int: 13    God:
Gold:   128        SH:  0    Dex: 13    Spells: 6/6 levels left

rFire   . . .      SeeInvis .   Y - +0 hand axe
rCold   . . .      Faith    .   (no shield)
rNeg    . . .      Spirit   .   i - +0 ring mail
rPois   +          Reflect  .   (helmet restricted)
rElec   .          Harm     .   (no cloak)
rCorr   .          Rampage  .   h - +0 pair of gloves
Will    .....                   (boots unavailable)
Stlth   +.........              (no amulet)
HPRegen 0.07/turn               j - ring of poison resistance
MPRegen 0.10/turn               (no ring)

@: no status effects
A: beak, talons 3
a: no special abilities


You were on level 3 of the Dungeon.
You visited 1 branch of the dungeon, and saw 3 of its levels.

You collected 128 gold pieces.


Innate Abilities, Weirdness & Mutations

You have a beak for a mouth.
You have claws for feet.


   Skills:
 - Level 2.0 Fighting
 + Level 4.2 Axes
 - Level 1.0 Throwing
 - Level 1.1 Armour
 - Level 2.1 Dodging
 - Level 2.0 Spellcasting
 - Level 2.4 Translocations


You had 6 spell levels left.
You didn't know any spells.
Your spell library contained the following spells:

 Spells                   Type           Power      Damage    Failure   Level
 Blink                    Tloc           14%        N/A       30%         2
 Gell's Gravitas          Tloc           7%         N/A       52%         3
 Lesser Beckoning         Tloc           7%         N/A       52%         3
 Teleport Other           Tloc           7%         N/A       52%         3
 Manifold Assault         Tloc           7%         N/A       99%         5

Inventory:

Hand Weapons
 g - a +0 whip
 Y - a +0 hand axe (weapon)
Armour
 h - a +0 pair of gloves (worn)
 i - a +0 ring mail (worn)
Jewellery
 j - a ring of poison resistance (left hand)
Potions
 a - a potion of ambrosia {unknown}
 c - a potion of mutation {unknown}
 d - a potion of cancellation {unknown}
 e - a potion of curing
 f - a potion of lignification {unknown}

Dungeon Overview and Level Annotations

Branches:
Dungeon (3/15)

Altars:
Fedhas

Annotations:
D:3 Sigmund


Message History

Your peck misses the giant cockroach.
The giant cockroach is severely wounded.
The giant cockroach misses you. x2
You hit the giant cockroach.
You kill the giant cockroach!
There is an open door here.
Found a dagger.
Found a stone staircase leading down.
Found a stone staircase leading down.
An adder comes into view.
The adder hisses angrily.
Sigmund the Dreaded comes into view.
He is wielding a +0 scythe and carrying a wand of flame (15).
1895 ||| Stepping ~*~*~tactically~*~*~ (stealth).
Sigmund shouts!
Sigmund casts a spell at you. The puff of flame hits you!
Ouch! That really hurt!
1897 ||| Stepping ~*~*~tactically~*~*~ (hiding).
1898 ||| Stepping ~*~*~tactically~*~*~ (hiding).
The adder barely misses you.
You hit the adder but do no damage. Your kick misses the adder.
Your peck misses the adder. The adder bites you but does no damage.
You hit the adder. You claw the adder.
The adder is severely wounded.
The adder bites you but does no damage. The adder barely misses you.
You hit the adder. Your peck misses the adder.
The adder is severely wounded.
The adder bites you but does no damage.
You barely miss the adder. You claw the adder, but do no damage.
You peck the adder.
The adder is almost dead.
The adder barely misses you.
Sigmund mumbles some strange words.
Sigmund flickers and vanishes!
Deactivating autopickup; reactivate with Ctrl-A.
You miss the adder.
The adder is almost dead.
The adder bites you. Something hits you!
You die...

.##### .# .# #. ##
#######.### ######
#..........# ###+#....$.
#..........# #..........
#..........# #..........
#.......<..# #..........
#..........###@S{(....?.
#..........'..........>.
###..........###.#.#......
.............# #.#.#.>....
......######## #.#.# .@...
......# #)#.# .....
......# ###.. .... ..#####
... .... #.# ##


You could see an adder.

Vanquished Creatures
  A worm (D:2)
  A dart slug (D:2)
  3 endoplasms
  3 giant cockroaches
  2 goblins
  3 hobgoblins
  5 kobolds (D:2)
  3 quokkas (D:2)
  4 ball pythons
  3 bats
  3 frilled lizards
  2 rats
33 creatures vanquished.

Notes
Turn   | Place    | Note
-------+----------+-------------------------------------------
     0 | D:1      | qw the Tengu Warper began the quest for the Orb.
     0 | D:1      | Reached XP level 1. HP: 12/12 MP: 4/4
     0 | D:1      | 0 ||| qw: Version: 0.1-a-89-g26bdef1
     0 | D:1      | 0 ||| qw: Game counter: 2076
     0 | D:1      | 0 ||| qw: Always use a shield: true
     0 | D:1      | 0 ||| qw: God list: Okawaru
     0 | D:1      | 0 ||| qw: Allow faded altars: false
     0 | D:1      | 0 ||| qw: Do Orc after D:15 true
     0 | D:1      | 0 ||| qw: Do second Lair branch before Depths: true
     0 | D:1      | 0 ||| qw: Lair rune preference: random
     0 | D:1      | 0 ||| qw: Plans: Normal
     0 | D:1      | 0 ||| PLANNING D:1-11
   210 | D:1      | Found a faded altar of an unknown god.
   215 | D:1      | Reached XP level 2. HP: 17/17 MP: 6/6
   247 | D:1      | Reached skill level 3 in Axes
   644 | D:1      | 644 ||| UPGRADING to ring of poison resistance.
   645 | D:1      | 645 ||| READING scroll labelled FATYPI TITE.
   650 | D:1      | 650 ||| READING scroll labelled OLOCZO QODGHUEFFAL.
   651 | D:1      | 651 ||| READING scroll labelled YPICLIM AFOFAUN.
   652 | D:1      | 652 ||| READING scroll labelled JYRYQI ATITS.
   653 | D:1      | 653 ||| DROPPING scroll of blinking.
   713 | D:2      | Found a blossoming altar of Fedhas.
   720 | D:2      | 720 ||| Stepping ~*~*~tactically~*~*~ (stealth).
  1027 | D:2      | 1027 ||| Stepping ~*~*~tactically~*~*~ (stealth).
  1029 | D:2      | 1029 ||| Stepping ~*~*~tactically~*~*~ (stealth).
  1031 | D:2      | 1031 ||| Stepping ~*~*~tactically~*~*~ (stealth).
  1206 | D:2      | Reached XP level 3. HP: 21/21 MP: 7/7
  1277 | D:2      | 1277 ||| Stepping ~*~*~tactically~*~*~ (stealth).
  1279 | D:2      | 1279 ||| Stepping ~*~*~tactically~*~*~ (stealth).
  1282 | D:2      | 1282 ||| Stepping ~*~*~tactically~*~*~ (stealth).
  1482 | D:2      | 1482 ||| Stepping ~*~*~tactically~*~*~ (hiding).
  1491 | D:2      | Reached skill level 4 in Axes
  1593 | D:2      | 1593 ||| Stepping ~*~*~tactically~*~*~ (stealth).
  1604 | D:2      | 1604 ||| FLEEEEING.
  1607 | D:2      | 1607 ||| FLEEEEING.
  1608 | D:2      | 1608 ||| FLEEEEING.
  1609 | D:2      | 1609 ||| STAIRDANCE
  1647 | D:1      | 1647 ||| UPGRADING to +0 pair of gloves.
  1652 | D:1      | 1652 ||| READING scroll labelled CUPNI PUILA.
  1657 | D:2      | 1657 ||| STAIRDANCE
  1780 | D:2      | 1780 ||| UPGRADING to +0 ring mail.
  1790 | D:2      | 1790 ||| DROPPING +0 leather armour.
  1791 | D:2      | 1791 ||| DRINKING 2 ruby potions.
  1894 | D:3      | Noticed Sigmund
  1895 | D:3      | 1895 ||| Stepping ~*~*~tactically~*~*~ (stealth).
  1897 | D:3      | 1897 ||| Stepping ~*~*~tactically~*~*~ (hiding).
  1898 | D:3      | 1898 ||| Stepping ~*~*~tactically~*~*~ (hiding).
  1904 | D:3      | Slain by Sigmund

Levels and vault maps discovered:
D:1:      dpeg_arrival_tiny_i, layout_loops_ring,
          ebering_ecumenical_altar_abandoned
D:2:      layout_basic, basic_altar, minmay_circle_x
D:3:      layout_basic, grunt_gozag_breadcrumbs, uniq_jessica, uniq_natasha,
          uniq_sigmund

Skill      XL: |  1  2  3 |
---------------+----------+-----
Axes           | 3 4 |  4.2
Fighting       | |  2.0
Throwing       | |  1.0
Armour         | |  1.1
Dodging        | |  2.1
Spellcasting   | |  2.0
Translocations | |  2.4

Action                   || total
-------------------------++-------
Melee: Hand axe          ||    80
       Kick              ||    18
       Peck              ||     6
       Punch             ||     1
Throw: Boomerang         ||     7
  Use: Scroll            ||     5
       Potion            ||     1
Armor: Leather armour    ||    13
       Ring mail         ||     4
Dodge: Dodged            ||    44

Table legend:
 A = Non-vault XP
 B = Vault XP
 C = Vault XP percentage of total XP
 D = Non-vault monster count
 E = Vault monster count
 F = Vault count percentage of total count
                 A         B        C        D         E       F
            +---------+---------+-------+---------+---------+-------
      Total |      52 |       9 |  14.8 |      28 |       5 |  15.2
            +---------+---------+-------+---------+---------+-------
        D:1 |      17 |       0 |   0.0 |      11 |       0 |   0.0
        D:2 |      33 |       9 |  21.4 |      16 |       5 |  23.8
        D:3 |       2 |       0 |   0.0 |       1 |       0 |   0.0
            +---------+---------+-------+---------+---------+-------
